 Dungeon Crawl Stone Soup version 0.26.1-11-gd32895ea62 (webtiles) character file.

Game seed: 10979872159705116351

5219 Crownlay the Frost Mage (level 10, -9/74 HPs)
             Began as a Gnoll Ice Elementalist on July 22, 2021.
             Was a Believer of Uskayaw.
             Mangled by a two-headed ogre
             ... wielding a cursed -3 giant club
              (13 damage)
             ... on level 10 of the Dungeon on July 24, 2021.
             The game lasted 00:28:10 (8702 turns).

Crownlay the Frost Mage (Gnoll Ice Elementalist)    Turns: 8702, Time: 00:28:11

Health: -9/74      AC: 15    Str: 10    XL:     10   Next: 61%
Magic:  14/21      EV: 17    Int: 21    God:    Uskayaw [**....]
Gold:   468        SH:  0    Dex: 16    Spells: 13/24 levels left

rFire    + + .     SeeInvis +   N - +5 trident (curse)
rCold    + + .     Faith    +   (no shield)
rNeg     . . .     Spirit   .   C - +1 robe {rC+}
rPois    .         Reflect  .   e - +2 helmet {SInv}
rElec    .         Harm     .   u - scarf {rC+ rF+}
rCorr    .         Rampage  .   (no gloves)
Will     .....                  (no boots)
Stlth    +++++.....             E - amulet of faith
HPRegen  0.22/turn              r - ring of stealth
MPRegen  0.17/turn              n - ring of protection from fire

@: icy armour, frozen ramparts
A: distributed training, fangs 1, strong nose
a: Renounce Religion, Stomp, Line Pass


You were on level 10 of the Dungeon.
You worshipped Uskayaw.
Uskayaw was noncommittal.
You visited 2 branches of the dungeon, and saw 11 of its levels.

You collected 468 gold pieces.

Inventory:

Hand Weapons
 f - a +2 dagger of draining
 L - a +3 war axe of freezing
 N - a cursed +5 trident (weapon)
Missiles
 g - 16 poisoned darts (quivered)
 w - 25 boomerangs
Armour
 e - a +2 helmet of see invisible (worn)
 u - a scarf of resistance (worn)
 C - a +1 robe of cold resistance (worn)
 F - a +4 ring mail of cold resistance
Jewellery
 b - an uncursed amulet of regeneration
 m - an uncursed ring of wizardry
 n - a ring of protection from fire (right hand)
 r - a ring of stealth (left hand)
 A - an uncursed ring of wizardry
 E - an amulet of faith (around neck)
Wands
 J - a wand of polymorph (8)
Scrolls
 d - 2 scrolls of teleportation
 h - 2 scrolls of fear
 l - 2 scrolls of magic mapping
 p - 2 scrolls of enchant armour
 q - 4 scrolls of remove curse
 t - a scroll of immolation
 v - a scroll of blinking
 x - a scroll of amnesia
 y - 2 scrolls of noise
 G - a scroll of fog
Potions
 c - 2 potions of mutation
 i - 6 potions of haste
 j - 3 potions of attraction {unknown}
 k - a potion of might {unknown}
 o - a potion of curing {unknown}
 s - 2 potions of degeneration {unknown}
 z - a potion of brilliance {unknown}
 B - a potion of lignification
 D - 2 potions of flight
 H - a potion of magic
 K - a potion of resistance {unknown}
 M - a potion of heal wounds {unknown}


   Skills:
 + Level 5.4 Fighting
 + Level 5.4 Short Blades
 + Level 5.4 Long Blades
 + Level 5.4 Axes
 + Level 5.4 Maces & Flails
 + Level 5.4 Polearms
 + Level 5.4 Staves
 + Level 5.4 Slings
 + Level 5.4 Bows
 + Level 5.4 Crossbows
 + Level 5.4 Throwing
 + Level 5.4 Armour
 + Level 7.2 Dodging
 + Level 6.9 Stealth
 + Level 5.4 Shields
 + Level 5.4 Unarmed Combat
 + Level 7.5 Spellcasting
 + Level 4.5 Conjurations
 + Level 4.5 Hexes
 + Level 4.5 Summonings
 + Level 4.5 Necromancy
 + Level 4.5 Translocations
 + Level 4.5 Transmutations
 + Level 4.5 Fire Magic
 + Level 8.5 Ice Magic
 + Level 4.5 Air Magic
 + Level 4.5 Earth Magic
 + Level 4.5 Poison Magic
 + Level 6.0 Invocations
 + Level 5.4 Evocations


You had 13 spell levels left.
You knew the following spells:

 Your Spells              Type           Power        Failure   Level
a - Freeze                Ice            100%         1%          1
b - Frozen Ramparts       Ice            86%          1%          3
c - Ozocubu's Armour      Ice            43%          1%          3
d - Summon Ice Beast      Ice/Summ       35%          6%          4

Your spell library contained the following spells:

 Spells                   Type           Power        Failure   Level
 Hailstorm                Conj/Ice       35%          6%          4


Dungeon Overview and Level Annotations

Branches:
Dungeon (10/15)            Temple (1/1) D:5
   Lair: D:8-11         Orc: D:9-12

Altars:
Ashenzari
Cheibriados
Dithmenos
Elyvilon
Fedhas
Gozag
Hepliaklqana
Kikubaaqudgha
Makhleb
Nemelex Xobeh
Qazlal
Ru
Sif Muna
Trog
Uskayaw
Vehumet
Wu Jian
Xom
Yredelemnul
Zin
The Shining One

Shops:
D:6 :


Innate Abilities, Weirdness & Mutations

Your experience applies equally to all skills.
You have very sharp teeth.
Your uncanny sense of smell can sniff out nearby items.


Message History

The two-headed ogre hits you with a +0 giant club.
Casting: Ozocubu's Armour (safe; 1% risk of failure)
Confirm with . or Enter, or press ? or * to list all spells.
Aiming: Freeze (safe; 1% risk of failure)
Press: ? - help, Shift-Dir - straight line, f - two-headed ogre
Aim: a two-headed ogre, wielding a -3 giant club and a +0 giant club (moderately wounded)
You freeze the two-headed ogre.
The two-headed ogre is heavily wounded.
Casting: Freeze (safe; 1% risk of failure)
Confirm with . or Enter, or press ? or * to list all spells.
Aiming: Freeze (safe; 1% risk of failure)
Press: ? - help, Shift-Dir - straight line, f/p - two-headed ogre
Aim: a two-headed ogre, wielding a -3 giant club and a +0 giant club (heavily wounded)
You freeze the two-headed ogre!
The two-headed ogre is heavily wounded.
The wall freezes the two-headed ogre!
The two-headed ogre hits you with a cursed -3 giant club!!
* * * LOW HITPOINT WARNING * * *
The two-headed ogre hits you with a +0 giant club!
You die...

########
####+###......##
#....#.........#
#....#.........#
#....#.....O...#
#.<# #..@#
...###..###...#
..............+
..............#
..............#
..####+########
#


You could see a two-headed ogre.

Vanquished Creatures
  A sixfirhy (D:8)
  Pikel (D:9)
  Menkaure (D:6)
  2 water moccasins
  2 orc warriors
  A black bear (D:7)
  2 sky beasts
  2 ogres
  A necrophage (D:8)
  A centaur (D:8)
  4 lemures (D:9)
  A big kobold (D:7)
  6 bullfrogs
  A wyvern skeleton (D:6)
  2 scorpions
  10 killer bees
  19 wights
  3 howler monkeys (D:8)
  4 hounds
  2 bullfrog skeletons
  A bullfrog zombie (D:5)
  An orc priest (D:7)
  2 jellies
  11 orc wizards
  4 iguanas
  2 worker ants
  A worker ant zombie (D:5)
  8 gnolls
  10 adders
  A shadow imp (D:9)
  2 white imps
  2 ufetubi (D:9)
  4 oozes
  An adder skeleton (D:5)
  2 adder zombies
  2 worms (D:2)
  4 dart slugs
  4 leopard geckos
  30 orcs
  3 giant cockroaches
  10 goblins
  8 hobgoblins
  7 jackals
  6 quokkas
  A ball python (D:1)
  2 bats (D:1)
  3 frilled lizards
  A giant cockroach zombie (D:6)
  9 kobolds
  A leopard gecko skeleton (D:4)
  A leopard gecko zombie (D:7)
  7 rats
217 creatures vanquished.

Vanquished Creatures (others)
  A plant (D:2)
1 creature vanquished.

Grand Total: 218 creatures vanquished

Notes
Turn   | Place    | Note
-------+----------+-------------------------------------------
     0 | D:1      | Crownlay the Gnoll Ice Elementalist began the quest for the
                  | Orb.
     0 | D:1      | Reached XP level 1. HP: 13/13 MP: 6/6
   113 | D:1      | Reached XP level 2. HP: 15/19 MP: 0/7
   476 | D:1      | Reached XP level 3. HP: 24/25 MP: 9/9
   489 | D:1      | Reached skill level 5 in Spellcasting
   515 | D:1      | Learned a level 3 spell: Frozen Ramparts
   519 | D:1      | Learned a level 3 spell: Ozocubu's Armour
   540 | D:1      | Reached skill level 1 in Invocations
  1062 | D:2      | Found an opulent altar of Gozag.
  1080 | D:2      | Reached skill level 1 in Fighting
  1080 | D:2      | Reached skill level 1 in Short Blades
  1080 | D:2      | Reached skill level 1 in Long Blades
  1080 | D:2      | Reached skill level 1 in Axes
  1080 | D:2      | Reached skill level 1 in Maces & Flails
  1080 | D:2      | Reached skill level 1 in Polearms
  1080 | D:2      | Reached skill level 1 in Staves
  1080 | D:2      | Reached skill level 1 in Slings
  1080 | D:2      | Reached skill level 1 in Bows
  1080 | D:2      | Reached skill level 1 in Crossbows
  1080 | D:2      | Reached skill level 1 in Throwing
  1080 | D:2      | Reached skill level 1 in Armour
  1080 | D:2      | Reached skill level 1 in Shields
  1080 | D:2      | Reached skill level 1 in Unarmed Combat
  1080 | D:2      | Reached skill level 1 in Evocations
  1081 | D:2      | Reached XP level 4. HP: 9/32 MP: 3/11
  1767 | D:3      | Found an ancient bone altar of Kikubaaqudgha.
  1784 | D:3      | Reached skill level 1 in Conjurations
  1784 | D:3      | Reached skill level 1 in Hexes
  1784 | D:3      | Reached skill level 1 in Summonings
  1784 | D:3      | Reached skill level 1 in Necromancy
  1784 | D:3      | Reached skill level 1 in Translocations
  1784 | D:3      | Reached skill level 1 in Transmutations
  1784 | D:3      | Reached skill level 1 in Fire Magic
  1784 | D:3      | Reached skill level 1 in Air Magic
  1784 | D:3      | Reached skill level 1 in Earth Magic
  1784 | D:3      | Reached skill level 1 in Poison Magic
  1804 | D:3      | Reached XP level 5. HP: 28/37 MP: 5/12
  1810 | D:3      | Learned a level 4 spell: Summon Ice Beast
  2065 | D:3      | Found a faded altar of an unknown god.
  2524 | D:4      | Reached XP level 6. HP: 44/44 MP: 7/13
  2669 | D:4      | Found a bloodstained altar of Trog.
  2692 | D:4      | You fall into a shaft and drop 1 floor!
  2692 | D:5      | Entered Level 5 of the Dungeon
  2693 | D:5      | Noticed an orc warrior
  2714 | D:5      | Reached skill level 5 in Dodging
  2724 | D:5      | Killed an orc warrior
  2846 | D:5      | Reached XP level 7. HP: 45/50 MP: 10/15
  2993 | D:5      | Found a staircase to the Ecumenical Temple.
  3015 | Temple   | Entered the Ecumenical Temple
  3848 | D:6      | Reached skill level 5 in Stealth
  4001 | D:6      | Reached XP level 8. HP: 28/52 MP: 0/16
  4522 | D:6      | Found Lovoh's Book Shoppe.
  4663 | D:6      | Noticed Menkaure
  4670 | D:6      | Killed Menkaure
  4836 | D:6      | Reached XP level 9. HP: 65/65 MP: 11/18
  5080 | D:6      | Found an ornate altar of the Wu Jian Council.
  5080 | D:6      | Found a hide-covered altar of Uskayaw.
  5084 | D:6      | Became a worshipper of Uskayaw the Reveller
  5220 | D:6      | Reached * piety under Uskayaw
  5222 | D:6      | Reached ** piety under Uskayaw
  5262 | D:6      | Reached *** piety under Uskayaw
  5264 | D:6      | Reached **** piety under Uskayaw
  5267 | D:6      | Reached ***** piety under Uskayaw
  5274 | D:6      | Reached ****** piety under Uskayaw
  5753 | D:7      | Reached skill level 8 in Ice Magic
  6542 | D:8      | Reached skill level 5 in Invocations
  6974 | D:8      | Reached XP level 10. HP: 73/73 MP: 20/20
  7075 | D:8      | Found a runed translucent door.
  7076 | D:8      | Noticed a sixfirhy
  7200 | D:8      | Killed a sixfirhy
  7201 | D:8      | Reached skill level 5 in Fighting
  7201 | D:8      | Reached skill level 5 in Short Blades
  7201 | D:8      | Reached skill level 5 in Long Blades
  7201 | D:8      | Reached skill level 5 in Axes
  7201 | D:8      | Reached skill level 5 in Maces & Flails
  7201 | D:8      | Reached skill level 5 in Polearms
  7201 | D:8      | Reached skill level 5 in Staves
  7201 | D:8      | Reached skill level 5 in Slings
  7201 | D:8      | Reached skill level 5 in Bows
  7201 | D:8      | Reached skill level 5 in Crossbows
  7201 | D:8      | Reached skill level 5 in Throwing
  7201 | D:8      | Reached skill level 5 in Armour
  7201 | D:8      | Reached skill level 5 in Shields
  7201 | D:8      | Reached skill level 5 in Unarmed Combat
  7201 | D:8      | Reached skill level 5 in Evocations
  8234 | D:9      | Noticed Pikel
  8250 | D:9      | Killed Pikel
  8643 | D:10     | Entered Level 10 of the Dungeon
  8690 | D:10     | Noticed a two-headed ogre
  8702 | D:10     | Mangled by a two-headed ogre

Illustrated notes

Levels and vault maps discovered:
D:1:      kennysheep_arrival_seaside, layout_basic
D:2:      layout_basic, nicolae_gozag_seed_capital, serial_forest,
          infiniplex_forest_clump_medium, infiniplex_forest_end_double,
          infiniplex_forest_lined_room_, infiniplex_forest_clump_cross,
          infiniplex_forest_lined_3_way, infiniplex_forest_lined_1,
          infiniplex_forest_lined_corner, infiniplex_forest_straight_2,
          infiniplex_forest_end_1
D:3:      layout_loops_cross, kiku_gazebo_pond_becter,
          chequers_ecumenical_altar_simple
D:4:      layout_rooms, kennysheep_mini, kennysheep_mini_moat, bloody_makhleb
D:5:      layout_cave_pools, minmay_temple_entry_large_hall
D:6:      layout_loops_ring, gammafunk_temple_overflow_wave, serial_shops, shop,
          grunt_decor_arrowhead, grunt_ministairs_3, uniq_menkaure
D:7:      layout_gridville
D:8:      cheibrodos_shockbox, layout_basic, hangedman_decor_opposing
D:9:      layout_roguey, uniq_pikel
D:10:     layout_gridville, erik_lair_orcish_takeover, nrook_campfire,
          due_unseen_surprise, uniq_psyche, uniq_erica
Temple:   regret_index_temple_sphere_string

Skill      XL: |  1  2  3  4  5  6  7  8  9 10 |
---------------+-------------------------------+-----
Spellcasting   | 5 6 7 |  7.5
Invocations    | 1 2 3 4 5 6 |  6.0
Fighting       | 1 2 3 4 5 |  5.4
Short Blades   | 1 2 3 4 5 |  5.4
Long Blades    | 1 2 3 4 5 |  5.4
Axes           | 1 2 3 4 5 |  5.4
Maces & Flails | 1 2 3 4 5 |  5.4
Polearms       | 1 2 3 4 5 |  5.4
Staves         | 1 2 3 4 5 |  5.4
Slings         | 1 2 3 4 5 |  5.4
Bows           | 1 2 3 4 5 |  5.4
Crossbows      | 1 2 3 4 5 |  5.4
Throwing       | 1 2 3 4 5 |  5.4
Armour         | 1 2 3 4 5 |  5.4
Shields        | 1 2 3 4 5 |  5.4
Unarmed Combat | 1 2 3 4 5 |  5.4
Evocations     | 1 2 3 4 5 |  5.4
Conjurations   | 1 2 3 4 |  4.5
Hexes          | 1 2 3 4 |  4.5
Summonings     | 1 2 3 4 |  4.5
Necromancy     | 1 2 3 4 |  4.5
Translocations | 1 2 3 4 |  4.5
Transmutations | 1 2 3 4 |  4.5
Fire Magic     | 1 2 3 4 |  4.5
Air Magic      | 1 2 3 4 |  4.5
Earth Magic    | 1 2 3 4 |  4.5
Poison Magic   | 1 2 3 4 |  4.5
Dodging        | 5 6 7 |  7.2
Stealth        | 5 6 |  6.9
Ice Magic      | 8 |  8.5

Action                   |  1- 3 |  4- 6 |  7- 9 | 10-12 || total
-------------------------+-------+-------+-------+-------++-------
Melee: Whip              |    19 |       |       |       ||    19
       Bite              |     6 |     9 |    34 |     7 ||    56
       Dagger            |    59 |   102 |   231 |       ||   392
       Punch             |     1 |       |     4 |     6 ||    11
       Trident           |       |       |   153 |   118 ||   271
       War axe           |       |       |       |     8 ||     8
Throw: Dart              |       |    11 |    26 |     3 ||    40
 Cast: Freeze            |     7 |       |     6 |     3 ||    16
       Frozen Ramparts   |     1 |     8 |    28 |    11 ||    48
       Ozocubu's Armour  |     1 |     4 |    17 |    10 ||    32
  Use: Scroll            |       |       |    10 |     7 ||    17
 Stab: Sleeping          |     3 |     7 |     8 |     6 ||    24
       Distracted        |       |       |     3 |       ||     3
       Paralysed         |       |       |    10 |     7 ||    17
Armor: Robe              |    12 |    14 |    88 |    11 ||   125
       Ring mail         |       |       |    35 |    13 ||    48
Dodge: Dodged            |    68 |    59 |   323 |    82 ||   532
